 Dungeon Crawl Stone Soup version 0.29.1-15-g9cfb28693d (webtiles) character file.

Game seed: 12972396060814885971

315 growler the Insei (level 6, 0/43 HPs)
             Began as a Merfolk Transmuter on Apr 3, 2023.
             Slain by a gnoll
             ... wielding a +0 spear
              (9 damage)
             ... on level 3 of the Dungeon.
             The game lasted 00:05:46 (2815 turns).

growler the Insei (Merfolk Transmuter)              Turns: 2815, Time: 00:05:47

Health: 0/43       AC:  2    Str: 11    XL:     6   Next: 44%
Magic:  9/10       EV: 16    Int: 14    God:
Gold:   35         SH:  0    Dex: 14    Spells: 1/11 levels left

rFire   . . .      SeeInvis .     - Unarmed
rCold   . . .      Faith    .   (no shield)
rNeg    . . .      Spirit   .   a - +0 robe
rPois   .          Reflect  .   (helmet currently unavailable)
rElec   .          Harm     .   (no cloak)
rCorr   .          Rampage  .   (no gloves)
Will    .....                   (boots currently unavailable)
Stlth   +.........              (no amulet)
HPRegen 0.14/turn               n - +4 ring of evasion
MPRegen 0.12/turn               (no ring)

@: appendages (expiring), wereblooded
A: horns 2, (nimble swimmer 2), mertail
a: End Transformation


You were on level 3 of the Dungeon.
You had temporarily grown beastly horns.
You visited 1 branch of the dungeon, and saw 3 of its levels.

You collected 35 gold pieces.

Inventory:

Armour
 a - a +0 robe (worn)
Jewellery
 n - a +4 ring of evasion (left hand)
Wands
 m - a wand of polymorph (5)
Scrolls
 c - a scroll of summoning {unknown}
 e - a scroll of amnesia {unknown}
 f - 4 scrolls of identify {unknown}
 g - 2 scrolls of acquirement {unknown}
 k - a scroll of poison {unknown}
 l - a scroll of enchant armour {unknown}
Potions
 b - 2 potions of mutation {unknown}
 d - a potion of brilliance {unknown}
 h - a potion of flight {unknown}
 i - a potion of might {unknown}
 j - a potion of ambrosia {unknown}


   Skills:
 - Level 1.1 Fighting
 - Level 2.6 Dodging
 + Level 6.7 Unarmed Combat
 - Level 3.0 Spellcasting
 - Level 4.0 Transmutations


You had one spell level left.
You knew the following spells:

 Your Spells              Type           Power      Damage    Failure   Level
a - Beastly Appendage     Tmut           26%        N/A       4%          1
b - Wereblood             Tmut           13%        N/A       6%          2
c - Spider Form           Tmut/Pois      7%         N/A       28%         3
d - Ice Form              Ice/Tmut       7%         N/A       67%         4

Your spell library contained the following spells:

 Spells                   Type           Power      Damage    Failure   Level
 Summon Forest            Summ/Tloc      1%         N/A       99%         5
 Eringya's Noxious Bog    Tmut/Pois      3%         N/A       100%        6
 Summon Hydra             Summ           1%         N/A       100%        7


Dungeon Overview and Level Annotations

Branches:
Dungeon (3/15)

Altars:


Innate Abilities, Weirdness & Mutations

You have temporarily grown beastly horns.
((You are very nimble when in or above water. (Stealth+, EV+, Speed+++)))
Your lower body shifts to a powerful aquatic tail in water.


Message History

You hit the gnoll.
The gnoll is moderately wounded.
The gnoll completely misses you. The gnoll misses you.
You hit the gnoll. You headbutt the gnoll.
You kill the gnoll!
The gnoll hits you from afar with a +0 spear.
The gnoll misses you. The gnoll barely misses you.
You barely miss the gnoll.
The gnoll hits you from afar with a +0 spear.
The gnoll misses you.
The gnoll shouts!
You hit the gnoll.
The gnoll is lightly wounded.
The gnoll hits you from afar with a +0 spear!
The gnoll closely misses you. x2
You hit the gnoll.
The gnoll is heavily wounded.
The gnoll closely misses you. The gnoll hits you but does no damage.
The gnoll completely misses you.
You hit the gnoll. Your headbutt misses the gnoll.
The gnoll is severely wounded.
Your transformation is almost over.
The gnoll hits you with a +0 club.
You hit the gnoll.
You feel a bit better.
You kill the gnoll!
The gnoll hits you with a +0 spear!
You hit the gnoll.
The gnoll is moderately wounded.
The gnoll misses you.
You hit the gnoll but do no damage.
The gnoll is moderately wounded.
You howl as the wereblood boils in your veins!
The gnoll closely misses you. The gnoll misses you.
You hit the gnoll but do no damage.
You headbutt the gnoll, but do no damage.
The gnoll is moderately wounded.
The gnoll closely misses you. The gnoll hits you with a +0 spear!
* * * LOW HITPOINT WARNING * * *
The gnoll attacks as you move away! The gnoll hits you with a +0 spear!
You die...

#....#.#..# ..
#..##..#..# ..g.
#..##.....#
.....#..#..###.# #
...........###.# .#
......g......#.#####.##
.........#g#<..........
#........#g##..........
#........#@##..........
#........#.............
#........#..#..........
#############..........
#.......... #..........
#.......... #..........
###########


You could see 2 gnolls.

Vanquished Creatures
  Sigmund (D:2)
  Natasha (thrice) (D:2)
  2 gnolls (D:3)
  3 adders (D:2)
  A worm (D:2)
  2 dart slugs
  A ball python (D:1)
  3 endoplasms
  2 giant cockroaches
  4 goblins
  4 hobgoblins
  2 jackals (D:2)
  3 quokkas
  2 bats
  A frilled lizard (D:2)
  4 kobolds
  2 rats
40 creatures vanquished.

Notes
Turn   | Place    | Note
-------+----------+-------------------------------------------
     0 | D:1      | growler the Merfolk Transmuter began the quest for the Orb.
     0 | D:1      | Reached XP level 1. HP: 15/15 MP: 3/3
    47 | D:1      | Found a faded altar of an unknown god.
   415 | D:1      | Reached XP level 2. HP: 14/21 MP: 3/5
   908 | D:1      | Learned a level 2 spell: Wereblood
   937 | D:2      | Noticed Sigmund
  1052 | D:2      | Noticed Natasha
  1061 | D:2      | Killed Natasha
  1062 | D:2      | Reached skill level 4 in Unarmed Combat
  1062 | D:2      | Reached XP level 3. HP: 15/26 MP: 4/6
  1204 | D:2      | Learned a level 3 spell: Spider Form
  1258 | D:2      | Noticed Natasha
  1271 | D:2      | Killed Natasha
  1272 | D:2      | Reached XP level 4. HP: 5/32 MP: 6/8
  2008 | D:2      | Noticed Natasha
  2014 | D:2      | Killed Natasha
  2056 | D:2      | Reached XP level 5. HP: 32/37 MP: 7/9
  2202 | D:2      | Learned a level 4 spell: Ice Form
  2281 | D:2      | Reached skill level 5 in Unarmed Combat
  2684 | D:2      | Killed Sigmund
  2685 | D:2      | Reached skill level 6 in Unarmed Combat
  2685 | D:2      | Reached XP level 6. HP: 43/43 MP: 6/10
  2815 | D:3      | Slain by a gnoll

Illustrated notes

Levels and vault maps discovered:
D:1:      saegor_arrival_simple_a, layout_loops_ring,
          dreamdust_ecumenical_altar_statues
D:2:      layout_loops_corners, serial_park_tiny_1, uniq_sigmund, uniq_natasha
D:3:      layout_rooms, grunt_temple_overflow_bloody_war,
          lemuel_zombie_altar_kikubaaqudgha, grunt_ministairs_7, uniq_terence

Skill      XL: |  1  2  3  4  5 |
---------------+----------------+-----
Transmutations | 3 4 |  4.0
Unarmed Combat | 4 6 |  6.7
Spellcasting   | 3 |  3.0
Fighting       | |  1.1
Dodging        | |  2.6

Action                   |  1- 3 |  4- 6 || total
-------------------------+-------+-------++-------
Melee: Unarmed           |    50 |    89 ||   139
       Headbutt          |    10 |    10 ||    20
       Punch             |       |     3 ||     3
 Cast: Beastly Appendage |    16 |    15 ||    31
       Spider Form       |       |     2 ||     2
       Wereblood         |       |     2 ||     2
  Use: Potion            |     1 |       ||     1
Armor: Robe              |     9 |    16 ||    25
       Skin              |     1 |     2 ||     3
Dodge: Dodged            |    22 |    68 ||    90
